 Dungeon Crawl Stone Soup version 0.30-a0-457-g4b7bca3bfa (webtiles) character file.

Game seed: 9978806460254226457

14763 gruber the Frost Mage (level 11, -12/79 HPs)
             Began as a Demonspawn Ice Elementalist on Dec 13, 2022.
             Was a Priest of Vehumet.
             Mangled by Fannar
             ... wielding a staff of cold
              (16 damage)
             ... on level 11 of the Dungeon.
             The game lasted 00:19:24 (11420 turns).

gruber the Frost Mage (DsIE)                       Turns: 11420, Time: 00:19:25

Health: -12/79     AC: 18    Str:  9    XL:     11   Next: 93%
Magic:  1/19       EV: 12    Int: 20    God:    Vehumet [***...]
Gold:   656        SH: 11    Dex: 16    Spells: 5/20 levels left

rFire   . . .      SeeInvis .    I - +6 flail (vorpal)
rCold   . . .      Faith    .    J - +0 buckler
rNeg    . . .      Spirit   .    G - +1 robe {Archmagi}
rPois   .          Reflect  +    (no helmet)
rElec   .          Harm     .    E - +2 cloak {Stlth+}
rCorr   .          Rampage  .    z - +0 pair of gloves
Will    +....      Archmagi +    H - +0 pair of boots
Stlth   ++++......               h - amulet of reflection
HPRegen 0.33/turn                v - ring of willpower
MPRegen 0.16/turn                a - ring of wizardry

@: ice-armoured
A: claws 1, thin skeletal structure 1, ignite blood 1, powered by death 2
a: Renounce Religion


You were on level 11 of the Dungeon.
You worshipped Vehumet.
Vehumet was most pleased with you.
You visited 2 branches of the dungeon, and saw 12 of its levels.

You collected 656 gold pieces.

Inventory:

Hand Weapons
 i - a +0 dagger of venom
 I - a +6 vorpal flail (weapon)
Missiles
 A - 2 throwing nets
Armour
 z - a +0 pair of gloves (worn)
 E - a +2 cloak of stealth (worn)
 G - a +1 robe of the Archmagi (worn)
 H - a +0 pair of boots (worn)
 J - a +0 buckler (worn)
Jewellery
 a - a ring of wizardry (right hand)
 h - an amulet of reflection (around neck)
 v - a ring of willpower (left hand)
 D - a ring of willpower
 K - a ring of magical power
Wands
 y - a wand of flame (29)
Scrolls
 c - 9 scrolls of identify {unknown}
 d - 3 scrolls of vulnerability {unknown}
 g - 2 scrolls of fog {unknown}
 j - a scroll of immolation {unknown}
 k - 2 scrolls of magic mapping {unknown}
 m - 3 scrolls of teleportation {unknown}
 o - a scroll of amnesia {unknown}
 r - 4 scrolls of fear {unknown}
 t - a scroll of acquirement {unknown}
 w - a scroll of silence {unknown}
 B - 4 scrolls of poison {unknown}
Potions
 b - a potion of magic
 e - 4 potions of degeneration {unknown}
 f - 4 potions of attraction {unknown}
 l - 3 potions of heal wounds {unknown}
 n - 3 potions of brilliance {unknown}
 p - 3 potions of mutation {unknown}
 q - 6 potions of curing
 s - 5 potions of flight {unknown}
 u - 3 potions of ambrosia {unknown}
 x - 2 potions of might
 C - 2 potions of cancellation {unknown}
 F - 2 potions of lignification {unknown}
 L - a potion of resistance {unknown}


   Skills:
 - Level 5.0 Fighting
 * Level 6.2 Maces & Flails
 - Level 1.7 Dodging
 - Level 1.7 Stealth
 - Level 6.4 Shields
 - Level 5.3 Spellcasting
 - Level 9.3 Conjurations
 - Level 11.5 Ice Magic


You had 5 spell levels left.
You knew the following spells:

 Your Spells              Type           Power      Damage    Failure   Level
a - Freeze                Ice            100%       1d10      1%          1
b - Frozen Ramparts       Ice            100%       1d16      1%          3
c - Stone Arrow           Conj/Erth      72%        3d11      1%          3
d - Freezing Cloud        Conj/Ice/Air   24%        6-21      2%          5
e - Ozocubu's Armour      Ice            67%        N/A       1%          3

Your spell library contained the following spells:

 Spells                   Type           Power      Damage    Failure   Level
 Sticky Flame             Conj/Fire      36%        2d6       2%          4
 Magic Dart               Conj           100%       1d8       1%          1
 Sandblast                Erth           16%        2d6       1%          1
 Ensorcelled Hibernation  Hex/Ice        84%        N/A       1%          2
 Searing Ray              Conj           100%       2d8       1%          2
 Fulminant Prism          Conj/Hex       18%        3d10      2%          4
 Ignite Poison            Fire/Tmut/Pois 8%         N/A       4%          3
 Kindle Blastsparks       Fire/Tloc/Air  16%        2d11      4%          3
 Summon Ice Beast         Ice/Summ       42%        N/A       5%          4
 Summon Small Mammal      Summ           32%        N/A       6%          1
 Lightning Bolt           Conj/Air       18%        1d32      7%          5
 Passwall                 Tmut/Erth      6%         N/A       9%          2
 Airstrike                Air            4%         2d(1-17)  14%         4
 Call Canine Familiar     Summ           8%         N/A       16%         3
 Spider Form              Tmut/Pois      8%         N/A       16%         3
 Summon Guardian Golem    Hex/Summ       8%         N/A       16%         3
 Anguish                  Hex/Necr       4%         N/A       45%         4
 Summon Lightning Spire   Summ/Air       8%         N/A       45%         4


Dungeon Overview and Level Annotations

Branches:
Dungeon (11/15)            Temple (1/1) D:6             Orc (0/2) D:10
   Lair: D:8-11

Altars:
Fedhas
Hepliaklqana
Nemelex Xobeh
Okawaru
Ru
Sif Muna
Trog
Uskayaw
Vehumet

Shops:
D:5 [

Annotations:
D:11 Fannar


Innate Abilities, Weirdness & Mutations

You have sharp fingernails.
You have a somewhat thin skeletal structure. (Dex +2, Stealth+)
Your demonic aura sometimes causes spilled blood to erupt in flames.
You regenerate health from kills.


Message History

Fannar is severely wounded.
Fannar closely misses you.
The ice beast hits you but does no damage.
You block the ice beast's attack.
Unknown command.
Unknown command.
You hit Fannar but do no damage.
Fannar is severely wounded.
You block Fannar's attack. The ice beast hits you.
* * * LOW HITPOINT WARNING * * *
The ice beast freezes you!
* * * LOW HITPOINT WARNING * * *
The ice beast hits you but does no damage.
Fannar points at you and mumbles some strange words.
The bolt of cold misses you.
The bolt of cold hits the ice beast.
The ice beast completely resists.
The ice beast closely misses you. You block the ice beast's attack.
Aiming: Throw Flame
Press: ? - help, Shift-Dir - straight line, f/p - Fannar
Aim: Fannar, wielding a staff of cold and wearing a +1 robe of cold resistance (severely wounded, 48% to hit)
The puff of flame hits Fannar but does no damage.
Fannar is severely wounded.
You block Fannar's attack. The ice beast barely misses you.
The ice beast hits you but does no damage.
Unknown command.
Unknown command.
Aiming: Throw Flame
Press: ? - help, Shift-Dir - straight line, f/p - Fannar
Aim: Fannar, wielding a staff of cold and wearing a +1 robe of cold resistance (severely wounded, 48% to hit)
The puff of flame hits Fannar.
Fannar is severely wounded.
Fannar hits you but does no damage. Fannar freezes you.
* * * LOW HITPOINT WARNING * * *
The ice beast barely misses you. x2
Unknown command.
It was a potion of curing.
You feel better. Fannar hits you with a staff of cold.
* * * LOW HITPOINT WARNING * * *
Fannar freezes you!
You die...

##.....###.#....##...###.Y##.##..
#..........###..##.### ####..†...
#........### #...[..## #......
#.......######.......###..#......
##........................#..###.
##......#####...........#...#. ..
#.......# #............... ..
#.(.....## #..e........#.. ..
#........# #..Y@.....# ..
##.....#†## ##...Y...## ..
##...##..###.........# ..
#######.#...........#
#.........}...# ###...........#
#...........# #..........##
##.##........


You could see Fannar and 2 ice beasts.

Vanquished Creatures
  A hydra (D:8)
  Erica (D:9)
  5 death yaks (D:11)
  A manticore (D:11)
  2 rime drakes (D:11)
  Psyche (D:9)
  Maggie (D:9)
  2 trolls
  2 dream sheep (D:8)
  A vampire (D:10)
  Sigmund (D:6)
  A wraith (D:11)
  A wyvern (D:7)
  18 yaks
  A steam dragon (D:8)
  Menkaure (D:6)
  Edmund (D:6)
  An acid dragon (D:8)
  2 water moccasins
  A sky beast (D:7)
  6 orc warriors
  An ice beast (D:5)
  A black bear (D:7)
  2 ogres
  A centaur (D:5)
  4 kobold brigands
  A bullfrog (D:7)
  A gnoll sergeant (D:9)
  A scorpion (D:4)
  21 wights
  13 killer bees
  2 howler monkeys
  3 electric eels (D:10)
  Crazy Yiuf (D:3)
  A jelly (D:7)
  4 iguanas
  11 orc priests
  A gnoll bouda (D:5)
  3 hounds
  Ijyb (D:5)
  9 orc wizards
  Robin (D:3)
  18 gnolls
  8 adders
  2 white imps
  An ufetubus (D:6)
  A worm (D:2)
  4 dart slugs
  37 orcs
  6 ball pythons
  4 bats (D:3)
  6 endoplasms
  3 giant cockroaches
  13 goblins
  6 hobgoblins
  4 jackals (D:1)
  5 quokkas
  4 frilled lizards
  12 kobolds
  7 rats
275 creatures vanquished.

Vanquished Creatures (others)
  A kobold (D:8)
  6 plants (D:8)
7 creatures vanquished.

Grand Total: 282 creatures vanquished

Notes
Turn   | Place    | Note
-------+----------+-------------------------------------------
     0 | D:1      | gruber the Demonspawn Ice Elementalist began the quest for
                  | the Orb.
     0 | D:1      | Reached XP level 1. HP: 13/13 MP: 3/3
    70 | D:1      | You fall into a shaft and drop 1 floor!
   274 | D:2      | Reached skill level 4 in Ice Magic
   333 | D:2      | Gained mutation: Your demonic aura sometimes causes spilled
                  | blood to erupt in flames. [demonic ancestry]
   333 | D:2      | Reached XP level 2. HP: 19/19 MP: 3/5
   557 | D:2      | Found a faded altar of an unknown god.
   681 | D:2      | Gained mutation: You regenerate a little health from kills.
                  | [demonic ancestry]
   681 | D:2      | Reached XP level 3. HP: 23/24 MP: 3/6
  1590 | D:1      | Reached skill level 5 in Ice Magic
  1800 | D:2      | Learned a level 3 spell: Frozen Ramparts
  1803 | D:2      | Reached XP level 4. HP: 30/30 MP: 3/7
  2280 | D:3      | Gained mutation: You regenerate health from kills. [demonic
                  | ancestry]
  2280 | D:3      | Reached XP level 5. HP: 23/35 MP: 2/8
  2376 | D:3      | Found a runed translucent door.
  2377 | D:3      | Noticed Crazy Yiuf
  2421 | D:3      | Noticed Robin
  2438 | D:3      | Reached skill level 6 in Ice Magic
  2438 | D:3      | Killed Robin
  2772 | D:3      | Killed Crazy Yiuf
  3134 | D:4      | Gained mutation: You have sharp fingernails. [demonic
                  | ancestry]
  3134 | D:4      | Reached XP level 6. HP: 36/41 MP: 5/9
  3210 | D:4      | Reached skill level 7 in Ice Magic
  3270 | D:4      | Found a blossoming altar of Fedhas.
  3667 | D:5      | Entered Level 5 of the Dungeon
  3679 | D:5      | Gained mutation: You have a somewhat thin skeletal
                  | structure. (Dex +2, Stealth+) [demonic ancestry]
  3679 | D:5      | Reached XP level 7. HP: 40/46 MP: 1/10
  3708 | D:5      | Noticed Ijyb
  3716 | D:5      | Killed Ijyb
  3743 | D:5      | Reached skill level 8 in Ice Magic
  3967 | D:5      | Found Zann's Armour Boutique.
  4104 | D:5      | Reached skill level 9 in Ice Magic
  4220 | D:5      | Reached XP level 8. HP: 9/52 MP: 11/13
  4678 | D:5      | Found a sacrificial altar of Ru.
  4836 | D:6      | Found a staircase to the Ecumenical Temple.
  4900 | Temple   | Entered the Ecumenical Temple
  4909 | Temple   | Became a worshipper of Vehumet
  5287 | D:6      | Noticed Sigmund
  5606 | D:6      | Killed Sigmund
  5607 | D:6      | Reached skill level 5 in Spellcasting
  5926 | D:7      | Learned a level 3 spell: Stone Arrow
  5932 | D:7      | Learned a level 5 spell: Freezing Cloud
  5973 | D:7      | Reached skill level 1 in Fighting
  6657 | D:8      | Reached skill level 5 in Fighting
  6657 | D:8      | Reached XP level 9. HP: 68/68 MP: 12/17
  6673 | D:8      | Reached skill level 1 in Conjurations
  6781 | D:6      | Noticed Edmund
  6786 | D:6      | Killed Edmund
  7047 | D:6      | Noticed Menkaure
  7056 | D:6      | Killed Menkaure
  7291 | D:6      | Learned a level 3 spell: Ozocubu's Armour
  7608 | D:8      | Reached skill level 5 in Conjurations
  7728 | D:8      | Noticed a two-headed hydra
  7740 | D:8      | Reached * piety under Vehumet
  7740 | D:8      | Offered knowledge of Kiss of Death by Vehumet.
  8035 | D:8      | Killed a two-headed hydra
  8036 | D:8      | Reached XP level 10. HP: 68/74 MP: 9/18
  8570 | D:9      | Noticed Erica
  8579 | D:9      | Killed Erica
  8580 | D:9      | Reached skill level 10 in Ice Magic
  8681 | D:9      | Noticed Psyche
  8683 | D:9      | Killed Psyche
  8701 | D:9      | Reached skill level 11 in Ice Magic
  8702 | D:9      | Noticed Maggie
  8720 | D:9      | Offered knowledge of Shock by Vehumet.
  8723 | D:9      | Reached ** piety under Vehumet
  8872 | D:9      | Killed Maggie
  8873 | D:9      | Reached skill level 1 in Shields
  9242 | D:9      | Found a hide-covered altar of Uskayaw.
  9244 | D:9      | Found a hazy altar of Hepliaklqana.
  9293 | D:9      | Found a bloodstained altar of Trog.
  9295 | D:9      | Found a shimmering blue altar of Sif Muna.
  9297 | D:9      | Found a sparkling altar of Nemelex Xobeh.
  9361 | D:10     | Entered Level 10 of the Dungeon
  9369 | D:10     | Reached XP level 11. HP: 75/79 MP: 12/19
  9421 | D:10     | Offered knowledge of Hailstorm by Vehumet.
  9443 | D:10     | Reached skill level 5 in Shields
  9619 | D:10     | Reached *** piety under Vehumet
 10428 | D:10     | Found a staircase to the Orcish Mines.
 10594 | D:11     | Noticed a death yak
 10594 | D:11     | Noticed a death yak
 10594 | D:11     | Noticed Fannar
 10649 | D:11     | Noticed a death yak
 10660 | D:11     | Killed a death yak
 10664 | D:11     | Killed a death yak
 10866 | D:11     | Reached skill level 1 in Maces & Flails
 10898 | D:11     | Noticed a death yak
 10898 | D:11     | Killed a death yak
 10900 | D:11     | Noticed a death yak
 10909 | D:11     | Offered knowledge of Sticky Flame by Vehumet.
 10913 | D:11     | Killed a death yak
 11086 | D:11     | Found a frozen archway.
 11092 | D:11     | Reached skill level 5 in Maces & Flails
 11280 | D:11     | Killed a death yak
 11419 | D:11     | HP: 3/79 [Fannar/staff of cold (6)]
 11420 | D:11     | Mangled by Fannar

Illustrated notes

Levels and vault maps discovered:
D:1:      lightli_arrival_quake, layout_basic, corexii_corridor_pit
D:2:      layout_basic, hellmonk_ecumenical_altar_pennies_from_heaven,
          minmay_tall_x
D:3:      layout_rooms, uniq_crazy_yiuf_cottage, uniq_robin
D:4:      layout_loops_ring, fedhas_altar_1
D:5:      layout_cave_pools, hangedman_ru_absence, serial_shops, shop,
          minmay_hedge_maze, minmay_misc_feat_roman, chequers_avenue, uniq_ijyb
D:6:      layout_basic, minmay_temple_entry_sparse_star, uniq_edmund,
          uniq_sigmund, uniq_menkaure
D:7:      layout_rooms
D:8:      layout_cave_pools, hangedman_ranch
D:9:      layout_rooms, nicolae_overflow_hidden_temple, st_stairs_7,
          uniq_psyche, uniq_erica, uniq_maggie
D:10:     layout_roguey, erik_orc_2
D:11:     layout_rooms, dpeg_lair_monsters, portal_ice_cave_rime, uniq_fannar
Temple:   nicolae_temple_superstar

Skill      XL: |  1  2  3  4  5  6  7  8  9 10 11 |
---------------+----------------------------------+-----
Ice Magic      | 4 5 6 7 9 11 | 11.5
Spellcasting   | 3 5 |  5.3
Fighting       | 5 |  5.0
Conjurations   | 8 9 |  9.3
Shields        | 4 6 |  6.4
Maces & Flails | 6 |  6.2
Dodging        | |  1.7
Stealth        | |  1.7

Action                   |  1- 3 |  4- 6 |  7- 9 | 10-12 || total
-------------------------+-------+-------+-------+-------++-------
Melee: Unarmed           |    13 |       |       |       ||    13
       Dagger            |    51 |    72 |     2 |       ||   125
       Whip              |       |    33 |       |       ||    33
       Club              |       |       |    61 |       ||    61
       Punch             |       |       |     3 |       ||     3
       Flail             |       |       |    65 |   114 ||   179
 Cast: Freeze            |    34 |    29 |    57 |     7 ||   127
       Frozen Ramparts   |       |     7 |    29 |    22 ||    58
       Ozocubu's Armour  |       |       |     8 |    14 ||    22
       Stone Arrow       |       |       |     5 |    28 ||    33
       Freezing Cloud    |       |       |       |    21 ||    21
Evoke: Wand              |       |       |    10 |     3 ||    13
  Use: Potion            |       |       |       |     1 ||     1
 Stab: Sleeping          |     3 |     6 |     5 |       ||    14
       Distracted        |       |     1 |     1 |     1 ||     3
Armor: Robe              |    19 |    18 |    44 |    54 ||   135
Dodge: Dodged            |    48 |    65 |   120 |    66 ||   299
Block: Other             |    12 |    35 |    46 |       ||    93
       Reflection        |       |       |     1 |     1 ||     2
       Buckler           |       |       |       |    92 ||    92

Table legend: (Time is in decaauts)
 A = Elapsed time spent in this place.
 B = Non-inter-level travel time spent in this place.
 C = Inter-level travel time spent in this place.
 D = Time resting spent in this place.
 E = Time spent auto-exploring this place.
 F = Levels seen in this place.
 G = Mean time per level.
                   A        B        C        D        E       F      G
               +--------+--------+--------+--------+--------+-----+--------+
         Total |  11518 |  11062 |    456 |    336 |   8590 |  12 |  959.8 |
       Dungeon |  11502 |  11054 |    448 |    336 |   8586 |  11 | 1045.6 |
        Temple |     16 |      9 |      7 |      0 |      4 |   1 |   16.0 |
               +--------+--------+--------+--------+--------+-----+--------+

Top non-repeatable levels by time:
     D:6: 1904 daAuts
    D:10: 1348 daAuts
     D:2: 1195 daAuts
     D:8: 1090 daAuts
     D:5: 1054 daAuts
     D:1: 899 daAuts
     D:9: 853 daAuts
     D:7: 832 daAuts
     D:4: 800 daAuts
     D:3: 774 daAuts
    D:11: 747 daAuts
  Temple: 16 daAuts
